 Dungeon Crawl Stone Soup version 0.17.1-2-g5865329 (webtiles) character file.

1617 thinktwicem the Basher (level 8, 0/66 HPs)
             Began as a Minotaur Berserker on Jan 24, 2016.
             Was an Elder of Trog.
             Slain by an orc warrior
             ... wielding a +0 trident
              (12 damage)
             ... on level 6 of the Dungeon.
             The game lasted 00:17:04 (6568 turns).

thinktwicem the Basher (Minotaur Berserker)         Turns: 6568, Time: 00:17:05

Health: 0/66       AC: 12    Str: 23    XL:     8   Next: 64%
Magic:  7/7        EV:  8    Int:  4    God:    Trog [****..]
Gold:   278        SH:  0    Dex: 11    Spells: 0 memorised, 7 levels left

rFire  . . .     SeeInvis .     a - +0 mace
rCold  . . .     Clarity  .     B - +0 chain mail
rNeg   . . .     SustAt   .     (no shield)
rPois  +         Gourm    .     (helmet restricted)
rElec  .         Spirit   .     (no cloak)
rCorr  .         Warding  .     o - +1 pair of gloves
rMut   .         Stasis   .     J - +0 pair of boots
MR     .....                    (no amulet)
Stlth  ..........               (no ring)
                                d - ring of poison resistance

@: exhausted, slowed, very slow, not resistant to hostile enchantments,
extremely unstealthy
A: retaliatory headbutt, horns 2
a: Berserk, Trog's Hand, Brothers in Arms, Burn Spellbooks, Renounce Religion


You were on level 6 of the Dungeon.
You worshipped Trog.
Trog was greatly pleased with you.
You were hungry.

You visited 1 branch of the dungeon, and saw 6 of its levels.

You collected 278 gold pieces.

Inventory:

Hand Weapons
 a - a +0 mace (weapon)
 E - a +0 shortbow
Missiles
 F - 13 arrows
Armour
 b - a +0 animal skin
 n - a +0 leather armour
 o - a +1 pair of gloves (worn)
 B - a +0 chain mail (worn)
 J - a +0 pair of boots (worn)
Jewellery
 d - a ring of poison resistance (left hand)
 m - a +4 ring of strength {unknown}
 u - a cursed ring of teleportation {unknown}
 w - an uncursed amulet of regeneration {unknown}
 y - an uncursed ring of protection from magic {unknown}
 H - a +2 ring of protection {unknown}
Scrolls
 f - a scroll of blinking {unknown}
 g - a scroll of noise {unknown}
 j - 2 scrolls of teleportation {unknown}
 l - 3 scrolls of fear {unknown}
 p - 4 scrolls of remove curse {unknown}
 s - 3 scrolls of recharging {unknown}
 t - 2 scrolls of immolation {unknown}
 v - 7 scrolls of identify {unknown}
 x - a scroll of amnesia {unknown}
 A - 2 scrolls of enchant weapon {unknown}
 D - a scroll of enchant armour {unknown}
 L - a scroll of vulnerability {unknown}
Potions
 e - 3 potions of agility {unknown}
 h - a potion of beneficial mutation {unknown}
 i - a potion of mutation {unknown}
 k - 2 potions of curing
 q - a potion of magic {unknown}
 r - 3 potions of haste {unknown}
 C - a potion of ambrosia {unknown}
 G - a potion of flight {unknown}
Comestibles
 c - 5 bread rations
 z - a beef jerky
 I - a chunk of flesh
 K - 2 meat rations


   Skills:
 - Level 3.7 Fighting
 * Level 13.0 Maces & Flails
 - Level 2.6 Armour
 - Level 2.2 Dodging


You had 7 spell levels left.
You didn't know any spells.

Dungeon Overview and Level Annotations

Branches:
Dungeon (6/15)             Temple (0/1) D:6

Altars:
Elyvilon
Fedhas
Okawaru
Sif Muna
Yredelemnul


Innate Abilities, Weirdness & Mutations

You reflexively headbutt those who attack you in melee.
You have a pair of horns on your head.


Message History

The orc warrior closely misses you.
You feel a strong urge to attack something.
You feel your anger subside.
You are no longer berserk.
You are exhausted.
You feel yourself slow down.
You are feeling hungry.
You see here a spear.
You see here a whip.
You see here a flail.
The orc warrior hits you but does no damage.
The orc warrior barely misses you.
The orc warrior hits you but does no damage.
The orc warrior hits you from afar with a trident!
* * * LOW HITPOINT WARNING * * *
The orc warrior hits you from afar with a trident!
* * * LOW HITPOINT WARNING * * *
It was a potion of curing.
You feel better.
The orc warrior hits you from afar with a trident!
You die...

......#.## #.# ##...#.##
#.# .....### #.####
#....# #....# ..#.##
####.# #.#.# #.# ..#.#
#.# ###.# #.# ###.#######
#@# ....oo..o.#
###.#####.##
.##.#####.####<.o........
.#..)## #))......#####.##
..>#..###)####.###
..###o.##)oo##.#
...#.o.#).##.#.#
.#.............#######.#
...........#.#..........


You could see an orc warrior.

Vanquished Creatures
  The ghost of Peloso the Shield-Bearer, a novice MiFi (D:4)
  Grinder (D:4)
  An ice beast (D:6)
  A sky beast (D:3)
  A phantom (D:4)
  A centaur (D:5)
  A gnoll sergeant (D:6)
  A scorpion (D:4)
  2 hounds
  A crimson imp (D:5)
  A jelly (D:5)
  A quasit (D:5)
  An orc priest (D:5)
  2 orc wizards
  A centaur skeleton (D:4)
  3 worker ants
  2 hound skeletons
  6 adders
  13 gnolls
  A worm (D:3)
  9 orcs
  5 giant cockroaches
  8 goblins
  5 hobgoblins
  4 jackals (D:1)
  A ball python (D:2)
  9 bats
  9 giant geckos
  8 giant newts
  15 kobolds
  A quokka skeleton (D:5)
  11 rats
127 creatures vanquished.

Notes
Turn   | Place    | Note
--------------------------------------------------------------
     0 | D:1      | thinktwicem the Minotaur Berserker began the quest for the Orb.
     0 | D:1      | Reached XP level 1. HP: 19/19 MP: 0/0
   374 | D:1      | Reached skill level 4 in Maces & Flails
   374 | D:1      | Reached XP level 2. HP: 18/27 MP: 1/1
   630 | D:1      | Reached ** piety under Trog
  1191 | D:1      | Reached XP level 3. HP: 30/33 MP: 2/2
  1298 | D:2      | Reached skill level 5 in Maces & Flails
  2034 | D:2      | Reached XP level 4. HP: 40/40 MP: 3/3
  2400 | D:3      | Reached *** piety under Trog
  2425 | D:3      | Reached skill level 6 in Maces & Flails
  2654 | D:3      | Noticed a sky beast
  2662 | D:3      | Killed a sky beast
  2662 | D:3      | Reached skill level 7 in Maces & Flails
  2662 | D:3      | Reached XP level 5. HP: 18/46 MP: 4/4
  2699 | D:3      | Found a white marble altar of Elyvilon.
  3166 | D:4      | Reached skill level 8 in Maces & Flails
  3166 | D:4      | Reached XP level 6. HP: 52/52 MP: 5/5
  3256 | D:4      | Noticed a phantom
  3275 | D:4      | Killed a phantom
  3355 | D:4      | Noticed Peloso's ghost (novice MiFi)
  3370 | D:4      | Killed Peloso's ghost
  3370 | D:4      | Reached skill level 10 in Maces & Flails
  3370 | D:4      | Reached XP level 7. HP: 11/58 MP: 6/6
  3780 | D:4      | Found an iron altar of Okawaru.
  3879 | D:4      | Found a blossoming altar of Fedhas.
  4204 | D:4      | Noticed Grinder
  4222 | D:4      | Killed Grinder
  4222 | D:4      | Reached skill level 11 in Maces & Flails
  4533 | D:5      | Entered Level 5 of the Dungeon
  4539 | D:5      | Reached XP level 8. HP: 52/66 MP: 7/7
  4561 | D:5      | Found a deep blue altar of Sif Muna.
  4718 | D:5      | Reached **** piety under Trog
  5916 | D:5      | Reached skill level 12 in Maces & Flails
  6031 | D:6      | Found a basalt altar of Yredelemnul.
  6480 | D:6      | Found a staircase to the Ecumenical Temple.
  6544 | D:6      | Reached skill level 13 in Maces & Flails
  6568 | D:6      | Slain by an orc warrior

Action                   |  1- 3 |  4- 6 |  7- 9 || total
-------------------------+-------+-------+-------++-------
Melee: Mace              |    97 |    77 |   166 ||   340
Invok: Berserk           |       |     2 |     4 ||     6
  Use: Potion            |       |       |     1 ||     1
 Stab: Sleeping          |     2 |       |       ||     2
       Distracted        |     1 |       |       ||     1
  Eat: Chunk             |     4 |       |     7 ||    11
       Meat ration       |       |     1 |       ||     1
       Bread ration      |       |       |     1 ||     1
       Pizza             |       |       |     1 ||     1
       Beef jerky        |       |       |     1 ||     1
